 Dungeon Crawl Stone Soup version 0.27-a0-1196-g3e9cee4cb2 (webtiles) character file.

Game seed: 1119973960767578398

78999 2tc the Arsonist (level 15, -15/80 HPs)
             Began as a Deep Elf Fire Elementalist on May 29, 2021.
             Was a High Priest of Vehumet.
             Demolished by Rupert
             ... wielding a +1 battleaxe of venom
              (25 damage)
             ... on level 5 of the Lair of Beasts.
             The game lasted 02:58:35 (32285 turns).

2tc the Arsonist (Deep Elf Fire Elementalist)      Turns: 32285, Time: 02:58:36

Health: -15/80     AC: 16    Str: 10    XL:     15   Next: 19%
Magic:  8/27       EV: 14    Int: 22    God:    Vehumet [*****.]
Gold:   1344       SH: 10    Dex: 15    Spells: 0/28 levels left

rFire    + . .     SeeInvis .   e - +2 spear (protect)
rCold    x . .     Faith    .   D - +0 buckler
rNeg     . . .     Spirit   .   B - +3 steam dragon scales
rPois    +         Reflect  +   P - +1 hat {Will+}
rElec    +         Harm     .   O - scarf {repulsion}
rCorr    +         Rampage  .   l - +2 pair of gloves
Will     ++...                  K - +2 pair of boots "Limpoh" {rElec rPois rCorr}
Stlth    ++........             o - amulet of reflection
HPRegen  0.23/turn              A - ring of wizardry
MPRegen  0.20/turn              p - ring of fire

@: lethally poisoned (-15 -> -36), repel missiles
A: no striking features
a: Renounce Religion


You were on level 5 of the Lair of Beasts.
You worshipped Vehumet.
Vehumet was extremely pleased with you.
You visited 5 branches of the dungeon, and saw 22 of its levels.

You collected 2309 gold pieces.
You spent 965 gold pieces at shops.

Inventory:

Hand Weapons
 b - a +0 vampiric spear
 e - a +2 spear of protection (weapon)
 q - a +3 dagger of electrocution
Missiles
 u - 7 curare-tipped darts
 E - 3 silver javelins
 M - a throwing net
Armour
 l - a +2 pair of gloves (worn)
 B - +3 steam dragon scales (worn)
 D - a +0 buckler (worn)
 K - the +2 pair of boots "Limpoh" (worn) {rElec rPois rCorr}
   (You bought it in a shop on level 9 of the Dungeon)

   It insulates you from electricity.
   It protects you from poison.
   It protects you from acid and corrosion.
 O - a scarf of repulsion (worn)
 P - a +1 hat of willpower (worn)
Jewellery
 m - an amulet of faith
 o - an amulet of reflection (around neck)
 p - a ring of fire (right hand)
 r - a ring of magical power
 s - a +6 ring of strength
 t - a +6 ring of intelligence
 v - a +6 ring of strength
 y - a ring of protection from cold
 A - a ring of wizardry (left hand)
 H - a ring of see invisible
 J - a +4 ring of slaying
 N - a +6 ring of intelligence
 R - a ring of protection from fire
Wands
 h - a wand of paralysis (1)
 n - a wand of polymorph (10)
 x - a wand of flame (98)
 L - a wand of mindburst (1)
 Q - a wand of charming (7)
Scrolls
 d - a scroll of fog
 f - a scroll of identify
 G - a scroll of magic mapping
 I - 3 scrolls of teleportation
Potions
 a - a potion of ambrosia
 i - a potion of lignification
 j - 3 potions of curing
 k - a potion of berserk rage
 C - a potion of attraction
 F - a potion of cancellation


   Skills:
 - Level 4.0 Fighting
 - Level 12.0 Polearms
 - Level 4.0 Armour
 - Level 6.0 Dodging
 - Level 2.4 Stealth
 - Level 4.0 Shields
 - Level 7.0 Spellcasting
 - Level 10.0 Conjurations
 * Level 14.3 Fire Magic
 - Level 9.0 Air Magic


You couldn't memorise any spells.
You knew the following spells:

 Your Spells              Type           Power      Damage    Failure   Level
a - Foxfire               Conj/Fire      100%       2x1d9     1%          1
b - Sticky Flame          Conj/Fire      75%        2d9       1%          4
c - Conjure Flame         Conj/Fire      75%        6-21      1%          3
d - Shock                 Conj/Air       100%       1d9       1%          1
e - Fireball              Conj/Fire      37%        3d15      1%          5
f - Conjure Ball Lightni  Conj/Air       24%        3x3d7     3%          6
g - Ignition              Fire           41%        3d12      16%         8

Your spell library contained the following spells:

 Spells                   Type           Power      Damage    Failure   Level
 Spellforged Servitor     Conj/Summ      14%        N/A       58%         7
 Magic Dart               Conj           100%       1d8       1%          1
 Searing Ray              Conj           100%       3d7       1%          2
 Dazzling Flash           Conj/Hex       58%        N/A       1%          3
 Ignite Poison            Fire/Tmut/Pois 43%        N/A       1%          3
 Inner Flame              Hex/Fire       56%        N/A       1%          3
 Fulminant Prism          Conj/Hex       14%        3d9       1%          4
 Iskenderun's Mystic Bla  Conj/Tloc      29%        2d7       1%          4
 Starburst                Conj/Fire      37%        8x6d11    1%          6
 Animate Skeleton         Necr           14%        N/A       3%          1
 Apportation              Tloc           14%        N/A       3%          1
 Corona                   Hex            7%         N/A       3%          1
 Pain                     Necr           28%        1d5       3%          1
 Summon Small Mammal      Summ           28%        N/A       3%          1
 Call Imp                 Summ           7%         N/A       4%          2
 Slow                     Hex            7%         N/A       4%          2
 Summon Lightning Spire   Summ/Air       27%        N/A       5%          4
 Call Canine Familiar     Summ           7%         N/A       10%         3
 Portal Projectile        Hex/Tloc       14%        N/A       10%         3
 Summon Guardian Golem    Hex/Summ       7%         N/A       10%         3
 Vampiric Draining        Necr           3%         2d6       10%         3
 Animate Dead             Necr           3%         N/A       32%         4
 Cause Fear               Hex            3%         N/A       32%         4
 Leda's Liquefaction      Hex/Erth       3%         N/A       32%         4
 Summon Ice Beast         Ice/Summ       7%         N/A       32%         4
 Agony                    Necr           7%         N/A       63%         5


Dungeon Overview and Level Annotations

Branches:
Dungeon (13/15)            Temple (1/1) D:5            Lair (5/6) D:10
  Swamp (0/4) Lair:3        Snake (1/4) Lair:4          Orc (2/2) D:9
    Elf (0/3) Orc:2
  Slime: Lair:5-6    Vaults: D:13-14

Altars:
Ashenzari
Cheibriados
Elyvilon
Fedhas
Hepliaklqana
Qazlal
Sif Muna
Uskayaw
Vehumet
Xom
Zin
Beogh

Shops:
D:9 ([:   Orc:2 *[(:

Annotations:
D:8 2 transporters, Renjy's ghost, journeyman VSCj
D:13 exclusion: 2 doors
Lair:5 Rupert
Snake:1 Azrael


Message History

Your ball lightning explodes!
The blast of lightning engulfs Rupert!
Rupert is heavily wounded.
The blast of lightning engulfs you. You resist.
You hear a trumpeting!
You hear an angry hiss.
Unknown command.
Casting: Conjure Ball Lightning (dangerous; 3% risk of failure)
Confirm with . or Enter, or press ? or * to list all spells.
You create some ball lightning! 3 ball lightnings come into view.
Rupert hits you with a +1 battleaxe of venom!!
* * * LOW HITPOINT WARNING * * *
You are lethally poisoned!
Your ball lightning explodes!
The blast of lightning engulfs your ball lightning.
Your ball lightning completely resists.
The blast of lightning engulfs Rupert!
Rupert is heavily wounded.
The blast of lightning engulfs you but does no damage.
Your ball lightning explodes!
The blast of lightning engulfs your ball lightning.
Your ball lightning completely resists.
The blast of lightning engulfs Rupert!
Rupert is heavily wounded.
The blast of lightning engulfs you. You resist.
* * * LOW HITPOINT WARNING * * *
The blast of lightning engulfs your ball lightning.
Your ball lightning completely resists.
Rupert misses you.
You hear a bellow!
You hear a trumpeting! x2
Unknown command.
Okay, then.
Unknown command.
Unknown command.
Unknown command.
You barely miss the water moccasin.
* * * LOW HITPOINT WARNING * * *
You feel very sick.
Rupert hits you with a +1 battleaxe of venom!!
You die...

.# .. .. .. ... .
#..... ...# ##. .......
....####.###......#
...P.#..†##......###
.................t.#.
.....................
.>.....@@**..........
........†S...........
.........*...........
.................P...
..###...h##.........##.
. .....P.P.#....#.....P
......P...#...# .....
##............#.....#
#...................


You could see Rupert (berserk, ally target), a polar bear, a water moccasin
(ally target) and 3 friendly ball lightnings.

Vanquished Creatures
  2 orc warlords (Orc:2)
  Josephine (D:12)
  A fire dragon (D:13)
  2 boulder beetles
  Erolcha (D:9)
  3 hydras
  4 centaur warriors
  3 two-headed ogres
  An orc high priest (Orc:2)
  Sonja (D:12)
  A fire crab (Lair:4)
  Pikel (D:9)
  A deep elf pyromancer (D:13)
  7 orc sorcerers (Orc:2)
  4 cyclopes
  An ugly thing (D:13)
  A manticore (D:12)
  An elephant (D:10)
  Maurice (D:9)
  A torpor snail (Lair:3)
  3 black mambas
  A molten gargoyle (Lair:5)
  9 cane toads
  5 kobold demonologists
  5 komodo dragons
  An unseen horror (D:13)
  A rime drake (Lair:3)
  9 trolls
  4 polar bears
  2 hornets
  16 blink frogs
  4 dream sheep (Lair:2)
  A centaur simulacrum (D:10)
  5 wraiths
  2 shadows
  4 wyverns
  41 yaks
  2 basilisks
  A fire elemental (Lair:4)
  4 steam dragons
  4 vampire mosquitoes (Lair:3)
  9 wargs
  Edmund (D:5)
  Menkaure (D:4)
  4 nagas (Lair:4)
  11 water moccasins
  2 acid dragons
  2 sky beasts
  3 black bears
  31 orc warriors
  3 ice beasts
  A necrophage (D:3)
  6 ogres
  6 wolves
  A phantom (D:4)
  A tengu (shapeshifter) (D:11)
  8 centaurs
  3 lemures (D:9)
  2 kobold brigands (D:10)
  A gnoll sergeant (D:6)
  13 bullfrogs
  A scorpion (D:5)
  2 water moccasin skeletons
  5 wights (D:9)
  2 electric eels (D:10)
  3 howler monkeys (D:8)
  A centaur zombie (D:10)
  5 lava snakes (Lair:5)
  18 orc priests
  A jelly (D:5)
  A centaur skeleton (D:7)
  A gnoll shaman (D:9)
  4 hounds
  2 iguanas (D:4)
  15 orc wizards
  A hell rat (Lair:3)
  2 howler monkey zombies (D:9)
  Robin (D:4)
  14 adders
  12 gnolls
  A shadow imp (D:7)
  3 white imps
  An ufetubus (D:5)
  An adder skeleton (D:5)
  4 worms
  3 dart slugs
  78 orcs
  3 ball pythons
  6 endoplasms
  2 giant cockroaches (D:3)
  16 goblins
  10 hobgoblins
  21 jackals
  4 quokkas
  6 bats
  4 frilled lizards
  12 kobolds
  5 rats
  A plant (Lair:1)
543 creatures vanquished.

Vanquished Creatures (collateral kills)
  2 ball lightnings
  15 foxfires
17 creatures vanquished.

Vanquished Creatures (others)
  170 ball lightnings
  1721 foxfires
  37 fungi
  42 plants
1970 creatures vanquished.

Grand Total: 2530 creatures vanquished

Notes
Turn   | Place    | Note
-------+----------+-------------------------------------------
     0 | D:1      | 2tc the Deep Elf Fire Elementalist began the quest for the
                  | Orb.
     0 | D:1      | Reached XP level 1. HP: 10/10 MP: 6/6
   449 | D:1      | Reached skill level 4 in Fire Magic
   449 | D:1      | Reached XP level 2. HP: 15/15 MP: 8/8
  1376 | D:2      | Reached XP level 3. HP: 19/19 MP: 5/9
  1504 | D:2      | Reached skill level 5 in Fire Magic
  1560 | D:2      | Found a faded altar of an unknown god.
  2223 | D:2      | Reached XP level 4. HP: 24/24 MP: 8/10
  2278 | D:2      | Learned a level 4 spell: Sticky Flame
  3054 | D:3      | Reached skill level 6 in Fire Magic
  3147 | D:3      | Reached XP level 5. HP: 28/28 MP: 8/11
  3195 | D:3      | Noticed a necrophage
  3201 | D:3      | Killed a necrophage
  3619 | D:3      | Found a white marble altar of Elyvilon.
  4278 | D:4      | Reached XP level 6. HP: 32/32 MP: 7/12
  4378 | D:4      | Learned a level 3 spell: Conjure Flame
  4399 | D:4      | Reached skill level 5 in Conjurations
  4512 | D:4      | Found a radiant altar of Vehumet.
  4517 | D:4      | Became a worshipper of Vehumet
  4685 | D:4      | Noticed Menkaure
  4687 | D:4      | Killed Menkaure
  4688 | D:4      | Reached skill level 1 in Polearms
  4688 | D:4      | Reached XP level 7. HP: 36/36 MP: 7/13
  5118 | D:4      | Reached * piety under Vehumet
  5118 | D:4      | Offered knowledge of Shock by Vehumet.
  5133 | D:4      | Learned a level 1 spell: Shock
  5151 | D:4      | Found a snail-covered altar of Cheibriados.
  5337 | D:4      | Noticed Robin
  5432 | D:4      | Killed Robin
  5884 | D:5      | Entered Level 5 of the Dungeon
  5993 | D:5      | Noticed a yak
  5995 | D:5      | Noticed a yak
  5995 | D:5      | Noticed a yak
  6033 | D:5      | Killed a yak
  6034 | D:5      | Reached XP level 8. HP: 41/41 MP: 5/16
  6054 | D:5      | Reached skill level 7 in Fire Magic
  6191 | D:5      | Found a staircase to the Ecumenical Temple.
  6197 | Temple   | Entered the Ecumenical Temple
  6201 | D:5      | Noticed Edmund
  6212 | Temple   | Learned a level 5 spell: Fireball
  6224 | D:5      | Killed Edmund
  6225 | D:5      | Reached skill level 8 in Fire Magic
  6225 | D:5      | Reached skill level 1 in Armour
  6527 | D:5      | Found a glowing silver altar of Zin.
  6627 | D:5      | Offered knowledge of Freeze by Vehumet.
  6851 | D:6      | Reached ** piety under Vehumet
  7229 | D:6      | Found a broken altar of Ashenzari.
  7509 | D:6      | Reached XP level 9. HP: 45/45 MP: 12/17
  7583 | D:6      | Reached skill level 9 in Fire Magic
  7794 | D:6      | You fall into a shaft and drop 3 floors!
  7831 | D:8      | You fall into a shaft and drop 1 floor!
  8004 | D:7      | You fall into a shaft and drop 1 floor!
  8966 | D:7      | Reached skill level 10 in Fire Magic
  9004 | D:7      | Found a stormy altar of Qazlal.
  9765 | D:8      | Found a shimmering altar of Xom.
  9765 | D:8      | Found a shimmering altar of Xom.
  9766 | D:8      | Found a shimmering altar of Xom.
  9766 | D:8      | Found a shimmering altar of Xom.
  9766 | D:8      | Found a shimmering altar of Xom.
  9767 | D:8      | Found a shimmering altar of Xom.
  9824 | D:8      | Noticed a boulder beetle
  9981 | D:8      | Found a transporter.
 10000 | D:8      | Reached skill level 10 in Conjurations
 10010 | D:8      | Noticed Renjy's ghost (journeyman VSCj)
 10012 | D:8      | Identified the +0 ring mail of Grace {rElec Will- Int+8
                  | Dex+2}
 10012 | D:8      | Identified the ring "Semariuh" {rN+ Str+2 Int+3 SInv}
 10117 | D:8      | Found a transporter.
 10343 | D:9      | Reached skill level 1 in Fighting
 10406 | D:9      | Noticed Maurice
 10419 | D:9      | Killed Maurice
 10420 | D:9      | Reached XP level 10. HP: 55/55 MP: 3/18
 10525 | D:9      | Noticed Pikel
 10528 | D:9      | Killed Pikel
 10616 | D:9      | Reached skill level 1 in Shields
 10829 | D:9      | Found Vuiklib's Armour Boutique.
 10834 | D:9      | Found a staircase to the Orcish Mines.
 10836 | D:9      | Found Wunaut Pepp's Weapon Boutique.
 10854 | D:9      | Noticed Erolcha
 10876 | D:9      | Found Syenwus's Book Shop.
 11189 | D:9      | Found a blossoming altar of Fedhas.
 11218 | D:9      | Found a hazy altar of Hepliaklqana.
 11469 | D:9      | Offered knowledge of Frozen Ramparts by Vehumet.
 11904 | D:10     | Entered Level 10 of the Dungeon
 11984 | D:10     | Noticed a two-headed ogre
 12111 | D:9      | Killed Erolcha
 12560 | D:10     | Found a shimmering blue altar of Sif Muna.
 12622 | D:10     | Reached *** piety under Vehumet
 12891 | D:10     | Killed a two-headed ogre
 12892 | D:10     | Reached skill level 5 in Dodging
 12892 | D:10     | Reached XP level 11. HP: 61/61 MP: 0/19
 13252 | D:10     | Offered knowledge of Olgreb's Toxic Radiance by Vehumet.
 13934 | D:9      | Bought the +2 pair of boots "Limpoh" {rElec rPois rCorr}
                  | for 459 gold pieces
 14029 | D:10     | Found a staircase to the Lair.
 14194 | D:10     | Reached skill level 11 in Fire Magic
 14517 | D:11     | Reached **** piety under Vehumet
 14704 | D:11     | Noticed a boulder beetle
 14849 | D:11     | Noticed a centaur warrior
 14910 | Lair:1   | Entered Level 1 of the Lair of Beasts
 15581 | Lair:1   | Offered knowledge of Mephitic Cloud by Vehumet.
 15733 | Lair:1   | Reached skill level 12 in Fire Magic
 15733 | Lair:1   | Reached skill level 5 in Polearms
 16736 | Lair:2   | Reached XP level 12. HP: 66/66 MP: 4/20
 17775 | Lair:3   | Found a staircase to the Swamp.
 18283 | Lair:3   | Noticed a five-headed hydra
 18293 | Lair:3   | Killed a five-headed hydra
 18507 | Lair:3   | Noticed a six-headed hydra
 18520 | Lair:3   | Killed a six-headed hydra
 18794 | Lair:3   | Reached ***** piety under Vehumet
 18838 | Lair:3   | Offered knowledge of Conjure Ball Lightning by Vehumet.
 19076 | Lair:3   | Reached skill level 10 in Polearms
 19931 | Lair:4   | Learned a level 6 spell: Conjure Ball Lightning
 19997 | Lair:4   | Found a staircase to the Snake Pit.
 20193 | Lair:4   | Reached XP level 13. HP: 70/70 MP: 5/21
 21069 | Lair:5   | Noticed Rupert
 21198 | D:9      | Bought a scarf of repulsion for 144 gold pieces
 21343 | Snake:1  | Entered Level 1 of the Snake Pit
 21346 | Snake:1  | Noticed Azrael
 21673 | D:11     | Identified the +4 rapier of Doom {elec, rElec rC+}
 23279 | D:12     | Noticed Sonja
 23284 | D:12     | Killed Sonja
 23394 | D:12     | Noticed Josephine
 23407 | D:12     | Killed Josephine
 24590 | D:13     | Reached XP level 14. HP: 61/76 MP: 17/26
 24718 | D:13     | Found a hide-covered altar of Uskayaw.
 26534 | Orc:1    | Entered Level 1 of the Orcish Mines
 26976 | D:9      | Offered knowledge of Spellforged Servitor by Vehumet.
 27497 | Orc:2    | Entered Level 2 of the Orcish Mines
 27985 | Orc:2    | Found Pocas's Assorted Antiques.
 28368 | Orc:2    | Bought a fine leather armour for 175 gold pieces
 28368 | Orc:2    | Identified the +1 leather armour of Waudgh {*Corrode rF+
                  | Slay+3} (You bought it in a shop on level 2 of the Orcish
                  | Mines)
 28697 | Orc:2    | Reached skill level 13 in Fire Magic
 28920 | Orc:2    | Reached XP level 15. HP: 78/80 MP: 27/27
 28932 | Orc:2    | Learned a level 8 spell: Ignition
 29347 | Orc:2    | Found a staircase to the Elven Halls.
 29590 | Orc:2    | Noticed an orc warlord
 29636 | Orc:2    | Killed an orc warlord
 30066 | Orc:2    | Noticed an orc warlord
 30912 | Orc:2    | Found Ecaz's Book Boutique.
 31122 | Orc:2    | Killed an orc warlord
 31123 | Orc:2    | Reached skill level 14 in Fire Magic
 31353 | Orc:2    | Found Uplatin's Antique Armour Emporium.
 31355 | Orc:2    | Found Vedopyc's Antique Weapon Shoppe.
 31368 | Orc:2    | Bought a pair of runed gloves for 187 gold pieces
 32285 | Lair:5   | Demolished by Rupert

Illustrated notes

Levels and vault maps discovered:
D:1:      dpeg_arrival_signposts, layout_loops_ring, serial_bayou_pond_c
D:2:      layout_basic, basic_ecumenical_altar, kennysheep_generic_room_7
D:3:      minmay_skewed_foursquare, layout_loops_corners, elyvilon_altar_4,
          amethyst_killhole, serial_park_tiny_2
D:4:      layout_basic, kennysheep_mini, overflow_temple_1_default,
          patterned_corridor, uniq_menkaure, uniq_robin
D:5:      layout_loops_ring, kennysheep_mini_moat, minmay_temple_entry_tees,
          uniq_edmund
D:6:      layout_loops_ring, lemuel_doored_altar, chequers_avenue
D:7:      layout_loops_cross, nicolae_qazlal_general_emergency
D:8:      layout_basic, xom_redecorated, gammafunk_ghost_gnarly_gnolls
D:9:      layout_roguey, fedhas_altar_3, nicolae_overflow_hidden_temple,
          orc_david_3, serial_shops, shop, minmay_misc_feat_square,
          uniq_maurice, uniq_pikel, uniq_erolcha
D:10:     layout_stronghold, nicolae_sif_muna_condensation, david_lair_generic,
          serial_ice, serial_ice_i, serial_ice_c, serial_ice_e, serial_ice_a,
          serial_ice_f, dk_noncrumbling_2
D:11:     layout_roguey
D:12:     layout_basic, uniq_josephine, uniq_sonja
D:13:     layout_roguey, nicolae_uskayaw_en_pointe
Temple:   minmay_temple_curvy_loop
Lair:1:   layout_layer_cave, beast_lair_carwin_2
Lair:2:   layout_misc_corridors
Lair:3:   nzn_winding_woodlands_small [nzn_winding_woodlands_5x15_parted,
          nzn_winding_woodlands_center_lodge,
          nzn_winding_woodlands_5x15_jagged], layout_loops_ring,
          minmay_swamp_entry_swarm
Lair:4:   layout_small_grid, guppyfry_snake_entry_garden, serial_bayou_shore_a
Lair:5:   cheibrodos_magma_flow, layout_regular_city, uniq_rupert
Snake:1:  layout_chambers, grunt_megastairs_4, serial_bayou_shore_b,
          serial_bayou_shore_b, uniq_azrael
Orc:1:    cheibrodos_orc_guarddog, layout_caves
Orc:2:    grunt_orc_community_town_hall, layout_caves,
          grunt_orc_community_big_house_1, grunt_orc_community_big_house_1,
          grunt_orc_community_house_1, grunt_orc_community_house_1,
          grunt_orc_community_house_2, grunt_orc_community_house_1,
          grunt_orc_community_house_2, grunt_orc_community_house_2

Skill      XL: |  1  2  3  4  5  6  7  8  9 10 11 12 13 14 15 |
---------------+----------------------------------------------+-----
Fire Magic     | 4 5 6 8 10 12 13 14 | 14.3
Conjurations   | 2 4 6 7 10 | 10.0
Polearms       | 1 4 6 10 12 | 12.0
Dodging        | 4 5 6 |  6.0
Spellcasting   | 4 6 7 |  7.0
Armour         | 4 |  4.0
Fighting       | 2 4 |  4.0
Shields        | 4 |  4.0
Air Magic      | 4 6 9 |  9.0
Stealth        | |  2.4

Action                   |  1- 3 |  4- 6 |  7- 9 | 10-12 | 13-15 || total
-------------------------+-------+-------+-------+-------+-------++-------
Melee: Spear             |    60 |    13 |       |   173 |   376 ||   622
       Dagger            |       |       |    51 |    11 |       ||    62
 Cast: Foxfire           |    39 |    96 |   206 |   321 |   359 ||  1021
       Sticky Flame      |       |     2 |    23 |    65 |    36 ||   126
       Conjure Flame     |       |       |     7 |    20 |     6 ||    33
       Fireball          |       |       |     3 |    39 |    49 ||    91
       Shock             |       |       |       |    18 |    23 ||    41
       Conjure Ball Ligh |       |       |       |       |    66 ||    66
Evoke: Wand              |       |       |       |     6 |    41 ||    47
  Use: Scroll            |     2 |     4 |    12 |    15 |     9 ||    42
       Potion            |       |     1 |       |     4 |    10 ||    15
 Stab: Sleeping          |     1 |       |       |     1 |     1 ||     3
       Paralysed         |       |       |       |       |    14 ||    14
Armor: Robe              |    16 |    13 |     5 |       |       ||    34
       Leather armour    |       |       |    22 |    13 |       ||    35
       Steam dragon scal |       |       |       |    64 |    92 ||   156
Dodge: Dodged            |    47 |    20 |    51 |   153 |   145 ||   416
       Repelled          |       |       |       |       |     3 ||     3
Block: Other             |       |     1 |    24 |     7 |       ||    32
       Reflection        |       |       |     3 |     1 |    10 ||    14
       Buckler           |       |       |       |   123 |   150 ||   273

Table legend: (Time is in decaauts)
 A = Elapsed time spent in this place.
 B = Non-inter-level travel time spent in this place.
 C = Inter-level travel time spent in this place.
 D = Time resting spent in this place.
 E = Time spent auto-exploring this place.
 F = Levels seen in this place.
 G = Mean time per level.
                   A        B        C        D        E       F      G
               +--------+--------+--------+--------+--------+-----+--------+
         Total |  32087 |  30085 |   2002 |  10571 |  14488 |  22 | 1458.5 |
       Dungeon |  20188 |  18933 |   1255 |   6589 |   9475 |  13 | 1552.9 |
        Temple |     10 |     10 |      0 |      0 |      0 |   1 |   10.0 |
          Lair |   7255 |   6663 |    592 |   2279 |   3404 |   5 | 1451.0 |
     Snake Pit |      5 |      5 |      0 |      0 |      0 |   1 |    5.0 |
  Orcish Mines |   4627 |   4473 |    154 |   1703 |   1609 |   2 | 2313.5 |
               +--------+--------+--------+--------+--------+-----+--------+

Top non-repeatable levels by time:
   Orc:2: 2997 daAuts
     D:9: 2791 daAuts
  Lair:3: 2083 daAuts
    D:10: 1967 daAuts
  Lair:1: 1909 daAuts
    D:13: 1850 daAuts
  Lair:4: 1830 daAuts
    D:11: 1683 daAuts
     D:3: 1658 daAuts
   Orc:1: 1630 daAuts
     D:4: 1615 daAuts
     D:8: 1499 daAuts
     D:1: 1369 daAuts
     D:2: 1253 daAuts
     D:6: 1226 daAuts
